Map: Orbital Shipyard

Players

Breosith

  • Race: Zerg Zerg
  • League: Diamond

ImotoFantasy - Winner!

  • Race: Protoss Protoss
  • League: Gold

VOD

Have the link to the VOD?

Description

Time

  • Played on: Oct. 25, 2015, 7:10 p.m.
  • Length: 16:26
Show
View Real Time Build Order
Export as new Build Order

Breosith Zerg 

Build Orders: Hatch First, Lurkers 

Get SALT Encoding   

  12  0:04  Drone  
  13  0:14  Drone  
  14  0:24  Overlord  
  14  0:42  Drone x3  
  17  0:53  Drone  
  18  1:03  Hatchery  
  17  1:04  Drone  
  18  1:15  Drone  
  19  1:24  Hatchery  
  18  1:26  Drone  
  18  1:28  Extractor  
  18  1:36  Drone  
  19  1:49  Drone  
  20  2:00  Drone  
  21  2:02  Hatchery  
  20  2:11  Spawning Pool  
  20  2:14  Drone  
  20  2:18  Drone  
  20  2:21  Drone  
  22  2:27  Drone  
  23  2:30  Drone  
  23  2:35  Evolution Chamber  
  24  2:37  Drone  
  24  2:38  Drone  
  24  2:43  Drone  
  26  2:47  Drone  
  27  2:52  Evolution Chamber, Drone  
  27  2:55  Drone  
  28  2:59  Drone  
  29  3:06  Zerg Ground Armor Level 1  
  29  3:08  Drone  
  29  3:10  Drone  
  31  3:13  Drone  
  31  3:15  Drone  
  31  3:18  Drone  
  34  3:21  Drone  
  34  3:22  Drone  
  34  3:26  Zerg Melee Weapons Level 1  
  36  3:28  Drone  
  36  3:30  Drone  
  36  3:33  Overlord  
  38  3:39  Overlord  
  38  3:41  Drone  
  38  3:42  Drone  
  40  3:51  Overlord  
  40  3:52  Queen  
  40  3:54  Queen  
  44  3:56  Drone  
  44  3:57  Drone  
  44  3:59  Drone  
  44  4:00  Drone  
  44  4:01  Drone  
  49  4:04  Metabolic Boost  
  49  4:06  Drone  
  49  4:08  Drone  
  49  4:09  Drone  
  52  4:11  Drone  
  52  4:12  Drone  
  54  4:22  Hatchery  
  53  4:25  Drone x3  
  53  4:28  Drone x2  
  53  4:29  Drone  
  53  4:30  Drone  
  60  4:36  Spore Crawler  
  59  4:39  Spore Crawler  
  59  4:42  Spore Crawler  
  59  4:44  Overlord  
  57  4:49  Overlord x2  
  57  4:51  Overlord  
  57  4:54  Extractor  
  56  5:05  Drone, Zergling x4  
  56  5:06  Drone x5  
  64  5:09  Extractor  
  64  5:10  Extractor  
  64  5:11  Drone  
  64  5:12  Drone x3  
  66  5:16  Extractor  
  66  5:17  Extractor  
  66  5:19  Drone x2  
  66  5:22  Drone  
  66  5:24  Lair  
  66  5:25  Drone  
  68  5:34  Zergling x8  
  72  5:41  Overlord x2, Drone x2  
  72  5:42  Drone x2  
  76  5:43  Drone  
  76  5:45  Queen  
  76  5:47  Queen  
  76  5:49  Queen  
  81  5:54  Zergling x2  
  81  5:55  Overlord x2, Zergling x4  
  86  5:58  Roach Warren  
  86  5:59  Overlord  
  86  6:04  Drone x5  
  86  6:06  Zergling x4  
  92  6:17  Spore Crawler x2  
  90  6:20  Zergling x4  
  90  6:22  Spore Crawler  
  90  6:25  Extractor  
  91  6:26  Extractor  
  91  6:29  Zerg Ground Armor Level 2, Zerg Melee Weapons Level 2  
  91  6:31  Hydralisk Den, Zergling x20  
  97  6:40  Pneumatized Carapace  
  97  6:45  Glial Reconstitution  
  98  6:47  Overlord, Zergling x10  
  98  6:48  Overlord, Infestation Pit  
  101  7:05  Queen  
  103  7:11  Drone x7  
  103  7:12  Zergling x16  
  118  7:19  Muscular Augments  
  118  7:25  Hive  
  118  7:28  Overlord x3  
  105  7:46  Hydralisk x6  
  105  7:47  Hydralisk x3  
  120  7:57  Queen  
  119  8:11  Spire x2  
  115  8:35  Lurker Den  
  115  8:41  Ultralisk Cavern, Zergling x24  
  116  8:42  Zergling x18  
  135  8:49  Hatchery  
  135  8:54  Adrenal Glands  
  134  8:56  Zerg Melee Weapons Level 3  
  134  9:00  Zerg Ground Armor Level 3  
  108  10:03  Zerg Flyer Weapons Level 1  
  108  10:04  Zerg Flyer Armor Level 1  
  108  10:05  Ultralisk x6, Zergling x4  
  108  10:06  Overlord x2, Zergling x8  
  139  10:25  Corruptor x4  
  139  10:26  Corruptor  
  147  10:39  Lurker x4  
  147  10:40  Overlord x2  
  151  10:50  Ultralisk  
  151  10:56  Viper x2  
  163  11:01  Overseer  
  163  11:11  Drone  
  163  11:12  Drone x7, Extractor  
  163  11:14  Extractor  
  169  11:30  Burrow  
  169  11:34  Viper x2  
  169  11:35  Overlord, Viper  
  169  11:36  Overlord x3  
  169  11:37  Zerg Missile Weapons Level 1  
  178  12:00  Corruptor x4  
  186  12:03  Hatchery  
  186  12:04  Zerg Flyer Armor Level 2  
  185  12:09  Zerg Flyer Weapons Level 2  
  185  12:16  Corruptor x2  
  185  12:20  Lurker  
  185  12:21  Lurker x2  
  192  12:24  Lurker  
  193  12:33  Pathogen Glands  
  193  13:03  Corruptor x3  
  199  13:30  Neural Parasite  
  193  13:59  Infestor x3  
  175  14:47  Corruptor  
  175  14:48  Corruptor x18  
  183  15:00  Corruptor x8  
  193  15:35  Infestor x3  
  193  15:40  Corruptor x4  
Show
View Real Time Build Order
Export as new Build Order

ImotoFantasy Protoss - Winner!

Build Orders: 1 Gate Expand, Phoenix Opening 

Get SALT Encoding   

  12  0:01  Probe (Chrono Boost)  
  13  0:12  Probe (Chrono Boost)  
  14  0:18  Pylon  
  14  0:22  Probe (Chrono Boost)  
  15  0:36  Probe (Chrono Boost)  
  16  0:45  Gateway  
  16  0:46  Probe (Chrono Boost)  
  16  0:49  Assimilator  
  18  0:57  Probe (Chrono Boost)  
  18  1:07  Probe (Chrono Boost)  
  19  1:18  Probe (Chrono Boost)  
  20  1:26  Nexus  
  20  1:34  Probe (Chrono Boost)  
  21  1:45  Cybernetics Core  
  21  1:53  Probe (Chrono Boost)  
  22  1:54  Pylon  
  22  2:05  Probe (Chrono Boost)  
  23  2:09  Assimilator  
  24  2:15  Probe (Chrono Boost)  
  24  2:24  Protoss Air Weapons Level 1  
  24  2:29  Probe (Chrono Boost)  
  25  2:36  Nexus  
  25  2:41  Probe (Chrono Boost)  
  25  2:43  Probe (Chrono Boost)  
  27  2:52  Probe (Chrono Boost)  
  27  2:53  Probe (Chrono Boost)  
  29  3:00  Stargate  
  29  3:04  Probe x2 (Chrono Boost)  
  31  3:14  Zealot  
  31  3:15  Probe x2 (Chrono Boost)  
  35  3:25  Probe x2 (Chrono Boost)  
  37  3:36  Mothership Core (Chrono Boost), Probe (Chrono Boost)  
  37  3:38  Assimilator  
  37  3:40  Pylon, Assimilator  
  40  3:46  Phoenix (Chrono Boost)  
  40  3:48  Probe x2 (Chrono Boost)  
  44  3:57  Pylon  
  44  3:58  Probe x2  
  44  3:59  Probe  
  44  4:01  Pylon  
  47  4:08  Probe  
  47  4:10  Probe  
  47  4:11  Probe  
  50  4:17  Phoenix (Chrono Boost)  
  50  4:19  Probe  
  50  4:21  Probe, Protoss Air Armor Level 1 (Chrono Boost)  
  50  4:23  Probe  
  55  4:29  Probe  
  55  4:30  Forge  
  56  4:31  Probe  
  56  4:35  Probe  
  58  4:40  Probe  
  58  4:42  Fleet Beacon  
  58  4:43  Probe  
  60  4:47  Probe  
  60  4:48  Phoenix (Chrono Boost)  
  60  4:51  Probe  
  63  4:54  Probe  
  65  5:03  Probe  
  65  5:04  Probe  
  67  5:08  Stargate  
  67  5:10  Stargate  
  67  5:15  Probe x2  
  67  5:16  Probe  
  67  5:18  Pylon  
  70  5:22  Assimilator  
  70  5:24  Photon Cannon  
  70  5:25  Probe  
  70  5:28  Assimilator  
  71  5:29  Photon Cannon  
  71  5:31  Photon Cannon  
  71  5:37  Phoenix (Chrono Boost)  
  71  5:39  Probe x2  
  71  5:40  Probe  
  76  5:46  Stargate  
  76  5:56  Photon Cannon  
  76  6:00  Pylon  
  76  6:05  Photon Cannon  
  76  6:08  Pylon  
  76  6:12  Pylon  
  76  6:20  Carrier  
  76  6:24  Probe  
  77  6:31  Carrier x2  
  95  6:42  Protoss Air Weapons Level 2 (Chrono Boost)  
  95  6:48  Photon Cannon x2  
  95  6:55  Carrier  
  101  7:11  Zealot  
  102  7:18  Photon Cannon  
  102  7:20  Pylon  
  102  7:32  Photon Cannon  
  102  7:43  Probe  
  93  7:44  Probe x2  
  96  7:53  Probe  
  96  7:56  Probe x2, Pylon  
  99  8:04  Probe  
  98  8:08  Probe x2  
  98  8:09  Carrier  
  101  8:14  Probe  
  102  8:20  Carrier x2  
  120  8:27  Probe x2  
  122  8:42  Photon Cannon  
  122  8:44  Photon Cannon  
  122  8:46  Photon Cannon  
  122  8:49  Photon Cannon  
  122  9:06  Nexus  
  122  9:09  Pylon  
  122  9:10  Pylon  
  122  9:11  Pylon  
  122  9:19  Protoss Air Weapons Level 3 (Chrono Boost)  
  122  9:21  Pylon  
  122  9:26  Carrier  
  122  9:27  Pylon  
  122  9:29  Pylon  
  122  9:30  Photon Cannon  
  122  9:31  Pylon, Photon Cannon  
  128  9:33  Photon Cannon  
  128  9:36  Photon Cannon  
  128  9:37  Photon Cannon  
  128  9:40  Assimilator  
  128  9:45  Zealot, Assimilator  
  126  9:47  Pylon  
  126  9:51  Pylon  
  125  10:01  Probe, Carrier, Photon Cannon  
  125  10:02  Probe  
  125  10:03  Probe, Photon Cannon  
  125  10:13  Carrier x2  
  143  10:14  Probe  
  144  10:25  Nexus  
  144  10:29  Photon Cannon  
  144  10:46  Twilight Council  
  144  10:48  Photon Cannon  
  144  10:50  Probe  
  144  10:51  Probe x2  
  144  10:52  Carrier  
  153  11:07  Probe  
  153  11:09  Probe x2  
  156  11:16  Carrier  
  156  11:20  Photon Cannon  
  156  11:22  Photon Cannon  
  156  11:24  Pylon  
  162  11:35  Protoss Air Armor Level 2 (Chrono Boost)  
  162  11:38  Carrier  
  162  11:39  Carrier  
  174  12:08  Templar Archives  
  174  12:18  Void Ray  
  174  12:20  Stargate  
  174  12:21  Stargate  
  178  12:25  Photon Cannon  
  178  12:31  Protoss Shields Level 1 (Chrono Boost)  
  178  12:36  Void Ray  
  182  13:01  Void Ray  
  182  13:04  Void Ray x2  
  194  13:18  Gateway x2, Warp Gate (Chrono Boost)  
  194  13:19  Void Ray  
  198  13:21  Gateway  
  198  13:23  Gateway  
  198  13:25  Gateway  
  198  13:26  Gateway  
  198  13:42  Pylon  
  198  14:02  Photon Cannon  
  198  14:23  Photon Cannon  
  193  14:55  Oracle (Chrono Boost)  
  193  14:56  Oracle (Chrono Boost)  
  199  15:17  Nexus  
  199  15:21  Pylon x2  
  199  15:23  Pylon  
  199  15:25  Pylon  
  199  15:29  Assimilator  
  199  15:32  Assimilator  
  199  15:35  Pylon  
  199  15:41  Pylon  
  199  15:45  Forge  
Tags
 
Add a new tag
Caveats
  • Supply blocks, unpowered buildings, or Contaminate may cause inaccurate times.
  • Supply counts are checked every 10 seconds.